 Dungeon Crawl Stone Soup version 0.27-a0-1193-g8631133539 (webtiles) character file.

Game seed: 5934156838672934929

6 EnegeticOcto the Magician (level 2, -5/21 HPs)
             Began as a Djinni Earth Elementalist on May 25, 2021.
             Slain by a phantom (6 damage)
             ... on level 3 of the Dungeon.
             The game lasted 00:00:53 (235 turns).

EnegeticOcto the Magician (DjEE)                     Turns: 235, Time: 00:00:53

Health: -5/21      AC:  2    Str:  7    XL:     2   Next: 0%
Gold:   34         EV: 12    Int: 16    God:
                   SH:  0    Dex: 13

rFire    + + .     SeeInvis .   (no weapon)
rCold    x . .     Faith    .   (no shield)
rNeg     . . .     Spirit   .   c - +0 robe
rPois    ∞         Reflect  .   (no helmet)
rElec    .         Harm     .   (no cloak)
rCorr    .         Rampage  .   (no gloves)
Will     .....                  (boots unavailable)
Stlth    ++........             (no amulet)
HPRegen  0.07/turn              (no ring)
MPRegen  0.00/turn              (no ring)

@: flying
A: sickness immunity, fire resistance 2, cold vulnerability 1, float, innate
caster, hp casting, extra vitality 1
a: no special abilities


You were on level 3 of the Dungeon.
You visited 1 branch of the dungeon, and saw 3 of its levels.

You collected 34 gold pieces.

Inventory:

Missiles
 b - 33 stones
Armour
 c - a +0 robe (worn)
Scrolls
 a - 2 scrolls of identify {unknown}
 d - a scroll of teleportation {unknown}
Potions
 e - a potion of resistance {unknown}


   Skills:
 - Level 2.1 Dodging
 - Level 1.5 Stealth
 + Level 2.7 Spellcasting


You couldn't memorise any spells.
You knew the following spells:

 Your Spells              Type           Power      Damage    Failure   Level
a - Sandblast             Erth           22%        2d7       6%          1
b - Stone Arrow           Conj/Erth      22%        3d8       19%         3
c - Petrify               Tmut/Erth      11%        N/A       52%         4
d - Lee's Rapid Deconstr  Erth           5%         3d7*      86%         5
p - Passwall              Tmut/Erth      9%         N/A       10%         2
Your spell library was empty.

Dungeon Overview and Level Annotations

Branches:
Dungeon (3/15)

Altars:


Innate Abilities, Weirdness & Mutations

You are immune to sickness and miasma.
You are immune to poison.
Your flesh is very heat resistant. (rF++)
You are vulnerable to cold. (rC-)
You float through the air rather than walking.
You learn spells naturally, not from books.
Your magical power is your life essence.
You have superior vitality. (+4 HP)


Message History

You see here a hobgoblin corpse.
There is a stone staircase leading down here.
You fly downwards.
A ball python comes into view.
The ball python hisses angrily.
Found 18 gold pieces.
Found a stone staircase leading down.
There is a stone staircase leading up here.
Casting: Sandblast (safe; 7% risk of failure)
Confirm with . or Enter, or press ? or * to list all spells.
Aiming: Sandblast (safe; 7% risk of failure)
Press: ? - help, Shift-Dir - straight line, f - ball python
Aim: a ball python (77% to hit)
The blast of sand hits the ball python!
You kill the ball python!
You now have 23 gold pieces (gained 18).
Found 19 arrows.
A goblin comes into view. It is wielding a +0 dagger.
The goblin shouts!
Casting: Sandblast (safe; 6% risk of failure)
Confirm with . or Enter, or press ? or * to list all spells.
Aiming: Sandblast (safe; 6% risk of failure)
Press: ? - help, Shift-Dir - straight line, f - goblin
Aim: a goblin, wielding a +0 dagger (74% to hit)
The blast of sand hits the goblin!
You kill the goblin!
You have reached level 2!
You see here a +0 dagger.
(D) Dungeon
Where to? (Enter - D:2, ? - help)
There is a stone staircase leading up here.
There is a stone staircase leading down here.
You fly downwards.
Found 11 gold pieces.
There is a stone staircase leading up here.
You now have 34 gold pieces (gained 11).
You reach down and open the door.
There is an open door here.
A phantom comes into view.
Casting: Sandblast (safe; 6% risk of failure)
Confirm with . or Enter, or press ? or * to list all spells.
Aiming: Sandblast (safe; 6% risk of failure)
Press: ? - help, Shift-Dir - straight line, f - phantom
Aim: a phantom (71% to hit)
The blast of sand hits the phantom.
The phantom is lightly damaged.
Casting: Sandblast (safe; 6% risk of failure)
Confirm with . or Enter, or press ? or * to list all spells.
Aiming: Sandblast (safe; 6% risk of failure)
Press: ? - help, Shift-Dir - straight line, f/p - phantom
Aim: a phantom (lightly damaged, 71% to hit)
The blast of sand hits the phantom.
The phantom is moderately damaged.
The phantom hits you.
Casting: Sandblast (safe; 6% risk of failure)
Confirm with . or Enter, or press ? or * to list all spells.
Aiming: Sandblast (safe; 6% risk of failure)
Press: ? - help, Shift-Dir - straight line, f/p - phantom
Aim: a phantom (moderately damaged, 71% to hit)
The blast of sand hits the phantom but does no damage.
The phantom is moderately damaged.
The phantom hits you.
Casting: Sandblast (safe; 6% risk of failure)
Confirm with . or Enter, or press ? or * to list all spells.
Aiming: Sandblast (safe; 6% risk of failure)
Press: ? - help, Shift-Dir - straight line, f/p - phantom
Aim: a phantom (moderately damaged, 71% to hit)
The blast of sand hits the phantom but does no damage.
The phantom is moderately damaged.
The phantom hits you.
* * * LOW HITPOINT WARNING * * *
Casting: Sandblast (safe; 6% risk of failure)
Confirm with . or Enter, or press ? or * to list all spells.
Aiming: Sandblast (safe; 6% risk of failure)
Press: ? - help, Shift-Dir - straight line, f/p - phantom
Aim: a phantom (moderately damaged, 71% to hit)
The blast of sand misses the phantom.
* * * LOW HITPOINT WARNING * * *
The phantom barely misses you.
Casting: Sandblast (safe; 6% risk of failure)
Confirm with . or Enter, or press ? or * to list all spells.
Aiming: Sandblast (safe; 6% risk of failure)
Press: ? - help, Shift-Dir - straight line, f/p - phantom
Aim: a phantom (moderately damaged, 71% to hit)
The blast of sand hits the phantom but does no damage.
The phantom is moderately damaged.
* * * LOW HITPOINT WARNING * * *
The phantom hits you.
* * * LOW HITPOINT WARNING * * *
The phantom blinks!
You blink.
Found a dagger and 3 gold pieces.
Casting: Sandblast (safe; 6% risk of failure)
Confirm with . or Enter, or press ? or * to list all spells.
Aiming: Sandblast (safe; 6% risk of failure)
Press: ? - help, Shift-Dir - straight line, f/p - phantom
Aim: a phantom (moderately damaged, 71% to hit)
The blast of sand hits the phantom.
The phantom is heavily damaged.
* * * LOW HITPOINT WARNING * * *
The phantom hits you.
You die...

#.# #.#.#..#
#.$.#§#..
........# #.
.#.#.###..#.#..#
#......#.#
##.....##
####.#..#.#
###..##
#.........##
....
#.#.#.#.#..#.##
#......W.......
#.#.#.#@#....#
#.........####
#.#.#.#.#.#
#.........#
..#.#.#.#.#
..........#
.).#.......
#.##.#####.#


You could see a phantom.

Vanquished Creatures
  A bat (D:1)
  A goblin (D:2)
  A hobgoblin (D:1)
  A ball python (D:2)
  A kobold (D:1)
  A rat (D:1)
6 creatures vanquished.

Notes
Turn   | Place    | Note
-------+----------+-------------------------------------------
     0 | D:1      | EnegeticOcto the Djinni Earth Elementalist began the quest
                  | for the Orb.
     0 | D:1      | Reached XP level 1. HP: 15/15 MP: 0/0
   151 | D:2      | Reached XP level 2. HP: 20/21 MP: 0/0
   224 | D:3      | Noticed a phantom
   235 | D:3      | Slain by a phantom

Illustrated notes

Levels and vault maps discovered:
D:1:      dpeg_arrival_pond, layout_basic
D:2:      layout_rooms, shapermc_ecumenical_altar_mp_highgroup,
          wander_ebering_terrifying_dragon_lair, uniq_natasha
D:3:      layout_loops_corners, pf_just_have_faith,
          nicolae_elyvilon_peaceful_grove, serial_co_window_serial,
          co_window_cross_1, co_window_corner_a, co_window_paths_a,
          co_window_paths_b, co_window_paths_b, co_window_unsneaky_path_c,
          co_window_corner_b, co_window_corner_b, glass_columns_a,
          glass_columns_c, st_stairs_14, minmay_stone_trees_medium

Action                   || total
-------------------------++-------
 Cast: Sandblast         ||    14
Dodge: Dodged            ||     2

Table legend: (Time is in decaauts)
 A = Elapsed time spent in this place.
 B = Non-inter-level travel time spent in this place.
 C = Inter-level travel time spent in this place.
 D = Time resting spent in this place.
 E = Time spent auto-exploring this place.
 F = Levels seen in this place.
 G = Mean time per level.
                   A        B        C        D        E       F      G
               +--------+--------+--------+--------+--------+-----+--------+
         Total |    234 |    202 |     32 |      0 |      0 |   3 |   78.0 |
       Dungeon |    234 |    202 |     32 |      0 |      0 |   3 |   78.0 |
               +--------+--------+--------+--------+--------+-----+--------+

Top non-repeatable levels by time:
     D:1: 131 daAuts
     D:2: 61 daAuts
     D:3: 41 daAuts
